Map: 16 bits EJ

Players

VortiX

  • Race: Zerg Zerg
  • Spawn Location: 7:00

Rail - Winner!

  • Race: Protoss Protoss
  • Spawn Location: 1:00

Event: WCS Valencia 2018

VOD

Have the link to the VOD?

Description

Time

  • Played on: July 12, 2018, 7 a.m.
  • Length: 12:02

All games in this series

Show
View Real Time Build Order
Export as new Build Order

VortiX Zerg 

Build Orders: Hatch First, Roach Hydra 

Get SALT Encoding   

  12  0:00  Drone  
  13  0:13  Overlord  
  13  0:17  Drone  
  14  0:31  Drone x2  
  16  0:51  Hatchery  
  16  0:52  Drone  
  16  0:56  Drone  
  17  1:06  Extractor  
  16  1:13  Spawning Pool  
  16  1:15  Drone  
  16  1:19  Drone  
  16  1:23  Drone  
  18  1:28  Drone  
  19  1:39  Overlord  
  19  1:50  Drone  
  20  1:59  Queen  
  22  2:02  Queen  
  22  2:04  Drone  
  22  2:08  Metabolic Boost  
  25  2:12  Zergling x2  
  26  2:15  Drone  
  26  2:18  Drone  
  26  2:22  Drone  
  29  2:25  Drone  
  30  2:34  Drone  
  30  2:35  Drone  
  32  2:45  Hatchery  
  32  2:49  Drone  
  32  2:54  Queen  
  34  2:59  Overlord  
  34  3:01  Drone  
  34  3:04  Drone  
  36  3:13  Overlord  
  36  3:17  Drone x5  
  36  3:19  Drone  
  42  3:22  Overlord  
  42  3:29  Queen  
  44  3:34  Queen  
  44  3:39  Spore Crawler  
  44  3:40  Spore Crawler  
  44  3:43  Drone  
  44  3:44  Drone  
  44  3:47  Drone x2  
  48  3:50  Drone  
  48  3:51  Zergling x2  
  48  3:54  Overlord  
  50  3:57  Drone  
  50  4:00  Drone x3  
  54  4:04  Drone x2  
  54  4:09  Spore Crawler  
  55  4:15  Overlord, Drone  
  55  4:16  Drone x2  
  58  4:20  Lair  
  58  4:24  Extractor x2  
  57  4:28  Drone  
  57  4:29  Roach Warren, Drone  
  57  4:32  Drone x2  
  57  4:37  Overlord  
  57  4:38  Drone x2  
  61  4:43  Drone x4  
  64  4:52  Overlord  
  64  4:54  Drone  
  64  4:57  Overlord  
  64  4:58  Drone x2  
  67  5:00  Extractor, Overlord  
  67  5:02  Zergling x2  
  67  5:08  Overlord  
  67  5:09  Roach x4  
  75  5:14  Roach  
  75  5:15  Roach  
  75  5:21  Roach  
  81  5:22  Roach x3  
  81  5:27  Glial Reconstitution  
  87  5:28  Evolution Chamber  
  87  5:29  Evolution Chamber, Drone x3  
  87  5:31  Drone  
  87  5:32  Hydralisk Den, Drone  
  87  5:33  Drone  
  87  5:34  Drone  
  91  5:40  Drone x2  
  93  5:43  Drone x2  
  93  5:44  Overlord  
  95  5:52  Extractor, Drone x2  
  95  5:53  Extractor, Drone x2  
  95  5:54  Drone x2  
  99  5:57  Zerg Missile Weapons Level 1, Zerg Ground Armor Level 1  
  99  6:04  Grooved Spines  
  99  6:09  Hatchery  
  99  6:11  Hydralisk x2  
  98  6:14  Hydralisk  
  98  6:16  Overlord  
  98  6:17  Zergling x2  
  105  6:19  Hydralisk  
  105  6:24  Hydralisk x2  
  111  6:27  Hydralisk  
  111  6:32  Hydralisk x2  
  113  6:34  Overlord  
  113  6:35  Overlord  
  113  6:38  Overlord  
  117  6:44  Hydralisk x3  
  122  6:49  Overlord, Hydralisk  
  122  6:50  Hydralisk  
  126  6:59  Hydralisk x2  
  130  7:02  Hydralisk  
  130  7:07  Overlord, Roach  
  130  7:08  Roach x2  
  138  7:09  Zergling x2  
  138  7:12  Hydralisk  
  138  7:13  Hydralisk  
  143  7:15  Muscular Augments  
  143  7:18  Hydralisk, Roach  
  143  7:20  Overlord  
  147  7:25  Hydralisk x2  
  147  7:29  Pneumatized Carapace  
  151  7:31  Drone  
  151  7:32  Drone x5  
  151  7:34  Drone  
  158  7:37  Ravager  
  158  7:39  Ravager  
  158  7:40  Roach  
  161  7:46  Roach  
  161  7:47  Roach x2  
  161  7:49  Hydralisk  
  168  7:53  Hydralisk x2  
  168  7:58  Hydralisk  
  172  8:01  Overlord  
  172  8:04  Roach x3  
  172  8:05  Roach x2  
  184  8:10  Overlord x2  
  184  8:14  Zerg Missile Weapons Level 2  
  168  8:20  Hydralisk x2  
  168  8:24  Roach x2  
  168  8:25  Roach  
  140  8:31  Roach x4  
  132  8:36  Hydralisk x2  
  132  8:39  Roach  
  134  8:42  Roach  
  134  8:43  Roach  
  134  8:47  Roach x3  
  134  8:48  Roach  
  132  8:50  Roach  
  132  8:53  Hydralisk  
  128  9:00  Hydralisk x2  
  128  9:02  Zergling x2  
  121  9:03  Zergling x2  
  121  9:06  Queen  
  98  9:14  Hydralisk x3  
  98  9:15  Hydralisk  
  98  9:16  Queen  
  100  9:17  Queen  
  100  9:21  Hydralisk x2  
  106  9:25  Roach  
  106  9:26  Roach  
  104  9:34  Roach x4  
  90  9:40  Roach  
  90  9:41  Roach, Queen  
  90  9:44  Hydralisk  
  64  10:00  Drone  
  64  10:01  Drone x6  
  64  10:06  Drone x2  
  73  10:07  Overseer  
  73  10:10  Drone  
  75  10:14  Drone x2  
  75  10:17  Drone  
  75  10:20  Drone  
  75  10:21  Drone  
  79  10:24  Drone x2  
  81  10:30  Roach x2  
  81  10:33  Roach  
  87  10:38  Roach x2  
  87  10:41  Roach  
  93  10:44  Roach  
  93  10:45  Roach  
  93  10:47  Roach  
  93  10:49  Roach  
  101  10:56  Roach x3  
  107  10:58  Roach  
  107  11:00  Roach  
  111  11:05  Roach x2  
  111  11:10  Roach x2  
  117  11:19  Roach x4  
  113  11:30  Roach  
  113  11:31  Roach x5  
  119  11:36  Roach x2  
  119  11:37  Roach  
  101  11:40  Ravager  
  101  11:42  Roach x2  
Show
View Real Time Build Order
Export as new Build Order

Rail Protoss - Winner!

Build Orders: Nexus First, Oracle Opening, Zealot Archon 

Get SALT Encoding   

  12  0:00  Probe  
  13  0:12  Probe  
  14  0:19  Pylon  
  14  0:24  Probe  
  15  0:33  Probe  
  15  0:41  Probe  
  17  0:52  Probe  
  18  1:03  Nexus  
  18  1:06  Probe  
  19  1:15  Gateway  
  19  1:19  Probe  
  19  1:23  Assimilator  
  20  1:27  Assimilator  
  20  1:31  Probe  
  21  1:37  Pylon  
  21  1:39  Probe  
  22  1:47  Probe  
  22  1:52  Gateway  
  23  1:57  Probe  
  24  2:05  Cybernetics Core  
  24  2:09  Probe  
  24  2:15  Zealot, Probe  
  27  2:19  Probe  
  28  2:23  Probe  
  28  2:27  Probe  
  30  2:32  Probe  
  32  2:38  Probe  
  32  2:42  Sentry, Warp Gate  
  35  2:44  Probe  
  35  2:48  Stargate  
  35  2:50  Probe  
  37  2:57  Probe  
  37  2:58  Stalker  
  40  3:03  Pylon  
  40  3:09  Probe  
  40  3:12  Probe  
  41  3:17  Probe, Pylon  
  42  3:20  Probe  
  42  3:26  Probe  
  44  3:27  Assimilator  
  44  3:31  Assimilator, Probe  
  44  3:32  Oracle  
  50  3:37  Probe  
  50  3:43  Robotics Facility, Probe  
  50  3:47  Forge  
  51  3:49  Probe  
  51  3:55  Probe  
  53  3:59  Pylon  
  53  4:02  Probe  
  54  4:07  Probe  
  54  4:09  Pylon, Phoenix  
  57  4:17  Probe  
  57  4:19  Protoss Ground Weapons Level 1  
  58  4:32  Immortal  
  58  4:33  Twilight Council  
  58  4:37  Gateway  
  62  4:39  Gateway  
  62  4:51  Zealot  
  64  4:53  Nexus  
  64  4:54  Pylon  
  64  4:59  Zealot  
  66  5:04  Observer  
  66  5:08  Probe x2  
  66  5:14  Sentry, Shield Battery  
  71  5:17  Pylon  
  71  5:20  Probe x2  
  73  5:23  Immortal  
  77  5:31  Probe  
  78  5:35  Probe  
  78  5:37  Charge  
  78  5:41  Templar Archives  
  79  5:44  Probe x2  
  79  5:46  Photon Cannon  
  81  5:53  Probe, Pylon  
  82  5:57  Protoss Ground Armor Level 1, Probe  
  82  6:00  Pylon  
  82  6:02  Immortal, Probe x2  
  87  6:09  Probe  
  87  6:10  Probe x2  
  90  6:12  Gateway  
  92  6:19  Gateway, High Templar x2  
  92  6:22  Probe, Assimilator  
  97  6:25  Assimilator, Archon  
  97  6:26  Probe  
  97  6:28  Probe  
  99  6:34  Gateway  
  99  6:35  Probe  
  99  6:37  Gateway  
  99  6:39  Gateway  
  100  6:40  High Templar x2  
  100  6:41  Probe  
  100  6:46  Archon  
  100  6:47  Warp Prism  
  105  6:54  Pylon  
  107  6:57  Pylon  
  107  7:00  Gateway  
  107  7:01  Gateway  
  107  7:02  High Templar x2  
  107  7:03  Gateway  
  107  7:05  Pylon  
  107  7:07  Archon  
  111  7:11  Pylon  
  111  7:12  Zealot  
  111  7:13  Pylon  
  113  7:16  Zealot x2  
  113  7:22  Zealot  
  119  7:33  High Templar x2  
  119  7:34  Zealot  
  119  7:36  Zealot  
  119  7:37  Zealot x2  
  129  7:38  Archon  
  129  7:41  Zealot x2  
  129  7:42  Zealot  
  137  7:58  Zealot x2, High Templar x2  
  139  7:59  Zealot x3  
  139  8:01  Zealot x2  
  139  8:02  Archon  
  139  8:04  High Templar  
  157  8:06  Pylon  
  157  8:07  Zealot, High Templar, Pylon  
  157  8:08  Pylon  
  157  8:11  Archon  
  147  8:20  Zealot x4  
  147  8:23  Zealot x3  
  127  8:29  High Templar  
  127  8:30  High Templar  
  127  8:31  Zealot  
  119  8:36  Zealot, Archon  
  119  8:40  Zealot x2  
  115  8:42  Zealot x3  
  103  8:58  Zealot  
  103  8:59  Zealot x3  
  103  9:01  Zealot x3  
  113  9:03  Zealot x2  
  113  9:06  Zealot x2  
  113  9:09  Zealot  
  107  9:19  High Templar x4  
  107  9:22  High Templar x2  
  107  9:23  Archon  
  107  9:24  Zealot x3, Archon  
  119  9:26  Archon  
  119  9:27  Zealot x2  
  121  9:35  Zealot  
  121  9:37  Warp Prism  
  102  9:49  Sentry, Zealot x5  
  90  10:00  Immortal  
  90  10:03  Zealot x2, High Templar x2  
  90  10:08  High Templar x2, Archon  
  90  10:09  Zealot  
  90  10:10  Zealot x3  
  90  10:11  Sentry  
  90  10:12  Zealot  
  90  10:13  Archon  
  110  10:24  Zealot  
  110  10:25  Zealot  
  114  10:34  Zealot x3, High Templar x2  
  114  10:35  Zealot x2  
  127  10:36  Zealot  
  127  10:39  Archon  
  127  10:42  Zealot x3  
  135  10:48  High Templar  
  135  10:49  Zealot x3, High Templar  
  145  10:53  Archon  
  145  10:55  Zealot  
  147  10:57  Zealot  
  147  10:59  Zealot  
  147  11:00  Zealot  
  147  11:03  High Templar x2  
  157  11:04  Zealot  
  157  11:07  Archon  
  157  11:24  High Templar  
  157  11:25  Zealot x3, High Templar  
  159  11:33  Zealot x2  
  159  11:34  Archon  
  159  11:40  Zealot x4  
  155  11:47  Sentry, Zealot x3  
Tags
 
Add a new tag
Caveats
  • Supply blocks, unpowered buildings, or Contaminate may cause inaccurate times.
  • Supply counts are checked every 10 seconds.